 Dungeon Crawl Stone Soup version 0.28.0-53-g5a82cb258f (webtiles) character file.

Game seed: 8689363236714690676

49 DocClef the Skirmisher (level 3, -2/31 HPs)
             Began as a Draconian Fighter on June 14, 2022.
             Slain by an ogre
             ... wielding a +0 giant spiked club
              (33 damage)
             ... on level 6 of the Dungeon.
             The game lasted 00:01:49 (1277 turns).

DocClef the Skirmisher (Draconian Fighter)          Turns: 1277, Time: 00:01:49

Health: -2/31      AC:  5    Str: 18    XL:     3   Next: 53%
Magic:  3/3        EV: 12    Int:  8    God:
Gold:   113        SH:  4    Dex: 12    Spells: 2/2 levels left

rFire   . . .      SeeInvis .   f - +0 short sword (freeze)
rCold   . . .      Faith    .   b - +0 buckler
rNeg    . . .      Spirit   .   (armour unavailable)
rPois   .          Reflect  .   (helmet restricted)
rElec   .          Harm     .   (no cloak)
rCorr   .          Rampage  .   (no gloves)
Will    +....                   (no boots)
Stlth   +.........              l - amulet of regeneration
HPRegen 0.90/turn               g - ring of willpower
MPRegen 0.08/turn               (no ring)

@: no status effects
A: AC +5, unfitting armour, cold-blooded
a: no special abilities


You were on level 6 of the Dungeon.
You visited 1 branch of the dungeon, and saw 4 of its levels.

You collected 113 gold pieces.

Inventory:

Hand Weapons
 a - a +0 rapier
 f - a +0 short sword of freezing (weapon)
Armour
 b - a +0 buckler (worn)
Jewellery
 g - a ring of willpower (left hand)
 l - an amulet of regeneration (around neck)
Scrolls
 e - 2 scrolls of fear {unknown}
 h - a scroll of enchant armour {unknown}
 k - a scroll of vulnerability {unknown}
Potions
 c - a potion of might
 d - 2 potions of heal wounds {unknown}
 i - a potion of magic {unknown}
 j - a potion of invisibility {unknown}


   Skills:
 + Level 3.5 Fighting
 + Level 2.6 Short Blades
 + Level 3.1 Dodging
 + Level 0.3 Stealth
 + Level 3.4 Shields


You had 2 spell levels left.
You didn't know any spells.
Your spell library was empty.

Dungeon Overview and Level Annotations

Branches:
Dungeon (3/15)

Altars:


Innate Abilities, Weirdness & Mutations

Your plain brown scales are hard. (AC +5)
You cannot fit into any form of body armour.
You are cold-blooded and may be slowed by cold attacks.


Message History

Found a stone staircase leading up.
You now have 113 gold pieces (gained 4).
Done exploring.
You start putting on your amulet.
You continue putting on your amulet of regeneration. x5
You finish putting on your amulet of regeneration.
The amulet throbs as it attunes itself to your uninjured body.
l - an amulet of regeneration (around neck)
g - a ring of willpower (left hand) Done exploring.
Done exploring.
Done exploring.
Done exploring.
There is a stone staircase leading down here.
You climb downwards.
There is a stone staircase leading up here.
A bat is nearby!
A bat is nearby!
The bat barely misses you.
You hit the bat but do no damage. The bat barely misses you.
The bat closely misses you.
A sourceless malevolence fills the Dungeon...
You fall into a shaft and drop 3 floors!
The shaft crumbles and collapses.
An ogre comes into view. It is wielding a +0 giant spiked club.
Found a ring mail, a dagger and a robe.
You open the door.
Found a stone staircase leading down.
There is an open door here.
Found a spear.
There is an open door here.
The ogre shouts!
You hit the ogre. You freeze the ogre.
The ogre is lightly wounded.
The ogre barely misses you.
You hit the ogre but do no damage. You tail-slap the ogre.
The ogre is lightly wounded.
The ogre hits you with a +0 giant spiked club!!
Ouch! That really hurt!
You die...

.....######## ####
.........)..[# #.)#
.............###..#
............'...>#
#..........######
#.....[....##
#...........#
##O.........#
#@.........#
#..........#
############


You could see an ogre.

Vanquished Creatures
  An adder (D:2)
  A worm (D:2)
  3 ball pythons
  2 bats (D:2)
  An endoplasm (D:1)
  3 giant cockroaches
  2 goblins (D:1)
  9 hobgoblins
  5 kobolds
  A quokka (D:1)
  4 frilled lizards (D:1)
  2 rats
34 creatures vanquished.

Notes
Turn   | Place    | Note
-------+----------+-------------------------------------------
     0 | D:1      | DocClef the Draconian Fighter began the quest for the Orb.
     0 | D:1      | Reached XP level 1. HP: 19/19 MP: 1/1
   230 | D:1      | Reached XP level 2. HP: 25/26 MP: 2/2
   839 | D:2      | Reached XP level 3. HP: 25/31 MP: 3/3
  1252 | D:3      | You fall into a shaft and drop 3 floors!
  1252 | D:6      | Noticed an ogre
  1277 | D:6      | Slain by an ogre

Illustrated notes

Levels and vault maps discovered:
D:1:      lightli_arrival_maybe_door_vault, layout_basic
D:2:      layout_rooms
D:3:      layout_basic, serial_shops, nicolae_shop_hallway_stairs,
          nicolae_ecumenical_snake_handling
D:6:      layout_basic, trog_three_pillars_becter, lemuel_tele_altar,
          mrwooster_statue_mirror, chequers_decorated_corner,
          uniq_crazy_yiuf_cottage, uniq_duvessa, uniq_eustachio

Skill      XL: |  1  2 |
---------------+-------+-----
Dodging        | 3 |  3.1
Fighting       | |  3.5
Short Blades   | |  2.6
Stealth        | |  0.3
Shields        | |  3.4

Action                   || total
-------------------------++-------
Melee: Rapier            ||    14
       Tailslap          ||    13
       Short sword       ||    79
Armor: Skin              ||    32
Dodge: Dodged            ||    72
Block: Buckler           ||    22
